 Dungeon Crawl Stone Soup version 0.20.0-6-gd3061e9 (webtiles) character file.

952 Korbac the Slasher (level 7, -6/61 HPs)
             Began as a Minotaur Fighter on May 29, 2017.
             Mangled by an ogre
             ... wielding a +0 giant club
              (22 damage)
             ... on level 5 of the Dungeon.
             The game lasted 00:14:21 (3004 turns).

Korbac the Slasher (Minotaur Fighter)               Turns: 3004, Time: 00:14:22

Health: -6/61      AC:  7    Str: 22    XL:     7   Next: 90%
Magic:  6/6        EV:  9    Int:  5    God:
Gold:   244        SH: 10    Dex: 10    Spells: 6/6 levels left

rFire    . . .     SeeInvis .   a - +1 long sword
rCold    . . .     Gourm    .   c - +0 shield
rNeg     . . .     Faith    .   b - +0 scale mail
rPois    .         Spirit   .   (helmet restricted)
rElec    .         Reflect  .   (no cloak)
rCorr    .         Harm     .   (no gloves)
MR       .....     Rnd*Tele +   (no boots)
Stlth    ..........             (no amulet)
Regen    0.2/turn               v - ring of teleportation
MPRegen  0.1/turn               (no ring)

@: no status effects
A: retaliatory headbutt, horns 2
a: no special abilities


You were on level 5 of the Dungeon.
You were not hungry.

You visited 1 branch of the dungeon, and saw 5 of its levels.

You collected 244 gold pieces.

Inventory:

Hand Weapons
 a - a +1 long sword (weapon)
 e - a +0 dire flail of crushing
 s - a +1 short sword of speed
 y - a +0 rapier
Armour
 b - a +0 scale mail (worn)
 c - a +0 shield (worn)
 A - a +0 pair of boots
Jewellery
 v - a ring of teleportation (left hand)
 x - an uncursed amulet of inaccuracy
Wands
 q - a wand of paralysis (7/24)
Scrolls
 k - a scroll of remove curse
 l - 2 scrolls of enchant weapon
 p - a scroll of random uselessness {unknown}
 t - 2 scrolls of teleportation {unknown}
 u - a scroll of enchant armour {unknown}
 z - a scroll of amnesia {unknown}
 B - a scroll of acquirement {unknown}
 C - a scroll of identify
Potions
 d - 2 potions of might
 h - 2 potions of brilliance
 i - 4 potions of curing
 j - 2 potions of degeneration {unknown}
 m - a potion of magic {unknown}
 n - 2 potions of heal wounds {unknown}
 o - 2 potions of berserk rage
 r - a potion of mutation {unknown}
 w - a potion of lignification {unknown}
Comestibles
 f - 2 bread rations
 g - 4 meat rations


   Skills:
 * Level 5.5 Fighting
 * Level 7.8 Long Blades
 + Level 5.4 Armour
 + Level 2.2 Dodging
 + Level 5.7 Shields


You had 6 spell levels left.
You didn't know any spells.

Dungeon Overview and Level Annotations

Branches:
Dungeon (5/15)
 Temple: D:4-7

Altars:
Ashenzari
Dithmenos
Kikubaaqudgha
Trog
Uskayaw


Innate Abilities, Weirdness & Mutations

You reflexively headbutt those who attack you in melee.
You have a pair of horns on your head.


Message History

Found 31 gold pieces.
You now have 244 gold pieces (gained 31).
There are no items here.
An ogre comes into view. It is wielding a giant club.
The ogre shouts!
Found 13 gold pieces.
You slash the ogre! You headbutt the ogre!
The ogre is severely wounded.
The ogre hits you with a giant club.
You barely miss the ogre.
The ogre is severely wounded.
You block the ogre's attack.
Your shield prevents you from hitting the ogre.
The ogre is severely wounded.
The ogre hits you with a giant club!!
* * * LOW HITPOINT WARNING * * *
You hit the ogre.
The ogre is severely wounded.
The ogre hits you with a giant club!!
You die...

#####.#.........#####
##########...............
#.........###..........###
#.........# #.......#.....
#.........# ####..........
#####..####
###..#...######
#...######.....#...##...
#.#........#.#.#.⌠....≈_
#..###..@...#.#.......≈..
#.#.....O....)#.....≈.≈..
#.#.##...$.........≈≈≈≈..
#... #......###.#.≈≈≈≈≈≈.
## #..........#..≈≈≈≈..
#....$####.##.≈≈.≈.⌠
#.....# #..........
#.##.## #....####.) #.....
##.


You could see an ogre.

Vanquished Creatures
  Eustachio (D:4)
  Edmund (D:4)
  A sky beast (D:5)
  An ice beast (D:5)
  Blork the orc (D:4)
  A crimson imp (D:5)
  An orc priest (D:3)
  Ijyb (D:4)
  An iguana (D:4)
  Natasha (twice) (D:4)
  2 worker ants
  Terence (D:3)
  4 gnolls
  A howler monkey skeleton (D:5)
  9 adders
  An adder zombie (D:5)
  2 worms (D:2)
  A dart slug (D:1)
  A leopard gecko (D:2)
  5 orcs (D:3)
  3 bats
  9 giant cockroaches
  6 goblins
  5 hobgoblins
  11 jackals
  A quokka (D:3)
  A ball python (D:3)
  3 frilled lizards (D:2)
  10 kobolds
  3 rats
90 creatures vanquished.

Notes
Turn   | Place    | Note
-------+----------+-------------------------------------------
     0 | D:1      | Korbac the Minotaur Fighter began the quest for the Orb.
     0 | D:1      | Reached XP level 1. HP: 19/19 MP: 0/0
   214 | D:1      | Reached XP level 2. HP: 27/27 MP: 1/1
   728 | D:2      | Reached XP level 3. HP: 27/33 MP: 2/2
   741 | D:2      | Reached skill level 3 in Long Blades
  1087 | D:2      | Reached XP level 4. HP: 39/40 MP: 3/3
  1404 | D:3      | Found a hide-covered altar of Uskayaw.
  1404 | D:3      | Noticed a dagger
  1404 | D:3      | Noticed a hand axe
  1679 | D:3      | Reached skill level 4 in Long Blades
  1695 | D:3      | Noticed Terence
  1706 | D:3      | Killed Terence
  1706 | D:3      | Reached XP level 5. HP: 40/47 MP: 4/4
  1708 | D:3      | Reached skill level 1 in Dodging
  1968 | D:4      | Noticed Eustachio
  2135 | D:4      | Noticed Edmund
  2136 | D:4      | Noticed Blork the orc
  2145 | D:4      | Killed Blork the orc
  2145 | D:4      | Reached skill level 5 in Long Blades
  2145 | D:4      | Reached skill level 5 in Armour
  2145 | D:4      | Reached XP level 6. HP: 52/55 MP: 5/5
  2154 | D:4      | Killed Edmund
  2154 | D:4      | Reached skill level 5 in Fighting
  2194 | D:4      | Found a bloodstained altar of Trog.
  2205 | D:4      | Reached skill level 5 in Shields
  2230 | D:4      | Killed Eustachio
  2230 | D:4      | Reached skill level 6 in Long Blades
  2230 | D:4      | Reached XP level 7. HP: 54/61 MP: 6/6
  2329 | D:4      | Noticed Natasha
  2336 | D:4      | Killed Natasha
  2348 | D:4      | Found a shadowy altar of Dithmenos.
  2399 | D:4      | Found a shattered altar of Ashenzari.
  2399 | D:4      | Noticed Natasha
  2400 | D:4      | Noticed Ijyb
  2416 | D:4      | Paralysed by Ijyb for 4 turns
  2420 | D:4      | Killed Ijyb
  2421 | D:4      | Killed Natasha
  2620 | D:4      | Reached skill level 7 in Long Blades
  2651 | D:5      | Entered Level 5 of the Dungeon
  2703 | D:5      | Found an ancient bone altar of Kikubaaqudgha.
  3004 | D:5      | Mangled by an ogre

Skill      XL: |  1  2  3  4  5  6  7 |
---------------+----------------------+-----
Fighting       | 4 5 |  5.5
Shields        | 4 5 |  5.7
Long Blades    | 3 4 5 6 7 |  7.8
Armour         | 4 5 |  5.4
Dodging        | 1 2 |  2.2

Action                   |  1- 3 |  4- 6 |  7- 9 || total
-------------------------+-------+-------+-------++-------
Melee: Long sword        |   100 |   117 |    68 ||   285
       Headbutt          |    12 |    21 |    13 ||    46
  Use: Scroll            |       |     8 |       ||     8
  Eat: Bread ration      |     1 |       |     1 ||     2
       Royal jelly       |       |       |     1 ||     1
Armor: Scale mail        |    53 |    37 |    28 ||   118
Dodge: Dodged            |    31 |    26 |    10 ||    67
Block: Shield            |    68 |    63 |    36 ||   167
       Rpst.: Long sword |    10 |     8 |     2 ||    20
